 Dungeon Crawl Stone Soup version 0.21.0-3-g78d12a8 (webtiles) character file.

235 Faca the Covered (level 6, -9/38 HPs)
             Began as a Gargoyle Fighter on Jan 11, 2018.
             Mangled by a gnoll
             ... wielding a +1 halberd of freezing
              (11 damage)
             ... on level 3 of the Dungeon.
             The game lasted 00:04:27 (2952 turns).

Faca the Covered (Gargoyle Fighter)                 Turns: 2952, Time: 00:04:27

Health: -9/38      AC:  8    Str: 20    XL:     6   Next: 5%
Magic:  6/6        EV:  7    Int:  9    God:
Gold:   167        SH:  9    Dex: 13    Spells: 5/5 levels left

rFire    . . .     SeeInvis .   a - +0 flail
rCold    . . .     Gourm    .   c - +0 shield
rNeg     + . .     Faith    .   b - +0 scale mail
rPois    ∞         Spirit   .   (no helmet)
rElec    +         Reflect  .   (no cloak)
rCorr    .         Harm     .   (no gloves)
MR       +....                  (no boots)
Stlth    ..........             (no amulet)
HPRegen  0.12/turn              g - ring of protection from magic
MPRegen  0.10/turn              p - +3 ring of dexterity

@: no status effects
A: talons 1, deformed body, negative energy resistance 1, electricity
resistance, unbreathing, petrification resistance, rot immunity, AC +4
a: no special abilities


You were on level 3 of the Dungeon.
You were not hungry.

You visited 1 branch of the dungeon, and saw 3 of its levels.

You collected 167 gold pieces.

Inventory:

Hand Weapons
 a - a +0 flail (weapon)
Armour
 b - a +0 scale mail (worn)
 c - a +0 shield (worn)
 e - a +0 chain mail
Jewellery
 g - a ring of protection from magic (left hand)
 p - a +3 ring of dexterity (right hand)
Wands
 m - a wand of disintegration (20)
Scrolls
 h - 6 scrolls of identify {unknown}
 k - a scroll of fog {unknown}
 o - a scroll of noise {unknown}
 q - a scroll of remove curse {unknown}
 s - a scroll of teleportation {unknown}
 t - a scroll of fear {unknown}
Potions
 d - a potion of might
 i - a potion of berserk rage {unknown}
 j - a potion of mutation
 l - 2 potions of curing {unknown}
 n - a potion of cancellation {unknown}
 r - a potion of brilliance {unknown}
Comestibles
 f - 6 rations


   Skills:
 + Level 4.3 Fighting
 * Level 4.1 Maces & Flails
 + Level 4.3 Armour
 + Level 4.3 Shields


You had 5 spell levels left.
You didn't know any spells.

Dungeon Overview and Level Annotations

Branches:
Dungeon (3/15)

Altars:


Innate Abilities, Weirdness & Mutations

You are resistant to torment.
Your stone body is resilient. (AC +4)
You are immune to poison.
You resist negative energy. (rN+)
You are resistant to electric shocks. (rElec)
You can survive without breathing.
You are immune to petrification.
You are immune to rotting.
You have sharp toenails.
Armour fits poorly on your strangely shaped body.


Message History

You block the gnoll's attack.
The gnoll sergeant hits you with a vampiric spear.
The gnoll hits you from afar with a halberd of freezing.
* * * LOW HITPOINT WARNING * * *
The gnoll freezes you.
* * * LOW HITPOINT WARNING * * *
A gnoll comes into view. It is wielding a halberd.
You sock the gnoll sergeant!
The gnoll sergeant is heavily wounded.
The gnoll closely misses you. You block the gnoll sergeant's attack.
You block the gnoll's attack. x2
The gnoll sergeant hits you with a vampiric spear.
* * * LOW HITPOINT WARNING * * *
It was a potion of mutation.
You feel extremely strange.
Your body twists and deforms.
Your toenails lengthen and sharpen.
The gnoll hits you with a flail.
* * * LOW HITPOINT WARNING * * *
You block the gnoll's attack.
The gnoll hits you from afar with a halberd of freezing!
You die...

... #..#...##.#
##.########..#..#....
#............#..#.#.#
#........###....#.#..
#........#.###)##.#..
#........#...))##.###
##.......#.#####.....
##.#####.#.##########
#...@gg..#..†....(...
#.#g###..############
#g #..# ##
#..######## ##
#.......... ...
#.############# #g#
#......... gg.......#
.####''## g####.####
##.......


You could see a gnoll sergeant and 3 gnolls.

Vanquished Creatures
  An orc priest (D:3)
  An orc wizard (D:3)
  5 gnolls (D:3)
  3 adders
  3 oozes
  4 worms (D:2)
  4 dart slugs
  A leopard gecko (D:2)
  3 orcs (D:3)
  3 bats
  3 giant cockroaches
  13 goblins
  4 hobgoblins
  3 jackals (D:3)
  8 kobolds
  2 frilled lizards
  12 rats
73 creatures vanquished.

Notes
Turn   | Place    | Note
-------+----------+-------------------------------------------
     0 | D:1      | Faca the Gargoyle Fighter began the quest for the Orb.
     0 | D:1      | Reached XP level 1. HP: 14/14 MP: 1/1
   394 | D:1      | Reached XP level 2. HP: 19/19 MP: 2/2
   676 | D:1      | Reached XP level 3. HP: 21/23 MP: 3/3
  1473 | D:2      | Reached XP level 4. HP: 27/29 MP: 4/4
  2036 | D:3      | Reached XP level 5. HP: 23/33 MP: 5/5
  2940 | D:3      | Reached XP level 6. HP: 36/38 MP: 6/6
  2952 | D:3      | Gained mutation: Armour fits poorly on your strangely shaped body. [potion of mutation]
  2952 | D:3      | Gained mutation: You have sharp toenails. [potion of mutation]
  2952 | D:3      | Mangled by a gnoll

Skill      XL: |  1  2  3  4  5 |
---------------+----------------+-----
Maces & Flails | 3 4 |  4.1
Armour         | 4 |  4.3
Fighting       | 4 |  4.3
Shields        | 4 |  4.3

Action                   |  1- 3 |  4- 6 || total
-------------------------+-------+-------++-------
Melee: Flail             |   143 |   173 ||   316
  Use: Potion            |       |     1 ||     1
  Eat: Ration            |     1 |     1 ||     2
       Chunk             |       |     1 ||     1
Armor: Scale mail        |    82 |   106 ||   188
Dodge: Dodged            |    44 |    63 ||   107
Block: Shield            |    73 |   120 ||   193
